 Dungeon Crawl Stone Soup version 0.25-a0-341-g6f074c8 (webtiles) character file.

Game seed: 3622369789680724444, levelgen mode: deterministic

20471 Firecrotchwizard the Slicer (level 12, 0/70 HPs)
             Began as a Vine Stalker Berserker on Dec 31, 2019.
             Was a High Priest of Trog.
             Slain by an anaconda skeleton (2 damage)
             ... in a volcano.
             The game lasted 00:26:43 (11550 turns).

Firecrotchwizard the Slicer (VSBe)                 Turns: 11550, Time: 00:26:43

Health: 0/70       AC: 18    Str: 23    XL:     12   Next: 79%
Magic:  0/13       EV:  6    Int: 13    God:    Trog [*****.]
Gold:   802        SH:  7    Dex: 16    Spells: 11/11 levels left

rFire    + . .     SeeInvis +   G - +10 rapier of the Well-Known Nights {flame, SInv}
rCold    + . .     Gourm    .   w - +2 buckler
rNeg     . . .     Faith    +   t - +0 chain mail
rPois    .         Spirit   +   d - +2 hat
rElec    .         Reflect  .   z - +0 cloak
rCorr    .         Harm     .   y - +2 pair of gloves
MR       +....                  x - +1 pair of boots
Stlth    ..........             j - amulet of faith {Faith, !P}
HPRegen  1.01/turn              a - ring "Egroiffup" {rC+ Int+6 Stlth+}
MPRegen  0.13/turn              Q - ring of protection from fire {rF+, !d}

@: constricted
A: fangs 3, regeneration 2, magic shield, antimagic bite, no potion heal 3, rot
immunity
a: Berserk, Trog's Hand, Brothers in Arms, Renounce Religion


You were in a volcano.
You worshipped Trog.
Trog was extremely pleased with you.
You were not hungry.

You visited 2 branches of the dungeon, and saw 13 of its levels.
You also visited: Volcano.

You collected 892 gold pieces.
You spent 90 gold pieces at shops.

Inventory:

Hand Weapons
 o - a +3 dagger of venom
   (You took it off a goblin on level 2 of the Dungeon)
 G - the +10 rapier of the Well-Known Nights (weapon) {flame, SInv}
   (You found it on level 9 of the Dungeon)

   It has been specially enchanted to burn those struck by it, causing extra
   injury to most foes and up to half again as much damage against particularly
   susceptible opponents.
   It lets you see invisible.
 L - a +2 antimagic rapier
   (Trog gifted it to you on level 10 of the Dungeon)
Armour
 d - a +2 hat (worn)
   (You found it on level 2 of the Lair of Beasts)
 t - a +0 chain mail (worn)
   (You found it on level 3 of the Dungeon)
 w - a +2 buckler (worn)
   (You found it on level 3 of the Dungeon)
 x - a +1 pair of boots (worn)
   (You found it on level 8 of the Dungeon)
 y - a +2 pair of gloves (worn)
   (You found it on level 4 of the Dungeon)
 z - a +0 cloak (worn)
   (You found it on level 6 of the Dungeon)
Jewellery
 a - the ring "Egroiffup" (left hand) {rC+ Int+6 Stlth+}
   (You acquired it on level 9 of the Dungeon)

   [ring of intelligence]

   It affects your intelligence (+6).
   It protects you from cold.
   It makes you more stealthy.
 h - an uncursed ring of protection from magic {MR+, !d}
   (You found it on level 1 of the Dungeon)
 j - an amulet of faith (around neck) {Faith, !P}
   (You found it on level 2 of the Dungeon)
 Q - a ring of protection from fire (right hand) {rF+, !d}
   (You found it on level 10 of the Dungeon)
Wands
 b - a wand of clouds (4)
   (You found it on level 8 of the Dungeon)
 D - a wand of iceblast (15)
   (You found it on level 5 of the Dungeon)
 I - a wand of enslavement (1)
   (You found it on level 10 of the Dungeon)
 M - a wand of acid (7)
   (You took it off a vampire on level 10 of the Dungeon)
 O - a wand of paralysis (6)
   (You found it on level 10 of the Dungeon)
Scrolls
 i - 3 scrolls of identify
 l - 4 scrolls of enchant weapon
 m - 2 scrolls of blinking {!r}
 s - 4 scrolls of teleportation
 v - 8 scrolls of remove curse
 A - 2 scrolls of fear
 E - a scroll of acquirement
 K - a scroll of silence
Potions
 e - 4 potions of mutation {!q}
 f - 2 potions of haste {unknown}
 g - 2 potions of brilliance {unknown}
 k - 3 potions of lignification {!q}
 n - 9 potions of curing
 p - a potion of might {unknown}
 q - 2 potions of cancellation {unknown}
 r - 3 potions of flight
 C - 2 potions of heal wounds {unknown}
 F - 3 potions of ambrosia
 H - a potion of resistance
Miscellaneous
 N - a phial of floods
   (You found it on level 10 of the Dungeon)
Comestibles
 c - 33 rations


   Skills:
 + Level 11.4 Fighting
 - Level 14.0 Short Blades
 + Level 4.7 Armour
 - Level 1.5 Dodging
 - Level 4.0 Shields


You had 11 spell levels left.
You didn't know any spells.
Your spell library was empty.

Dungeon Overview and Level Annotations

Branches:
Dungeon (10/15)            Temple (0/1) D:7            Lair (3/6) D:8
 Shoals (0/4) Lair:3        Snake (0/4) Lair:2          Orc (0/2) D:9
Volcano (1/1)

Altars:
Dithmenos
Elyvilon
Fedhas
Gozag
Hepliaklqana
Okawaru
Qazlal
Uskayaw
Wu Jian
Xom
Zin
The Shining One

Shops:
D:5 *

Annotations:
D:3 exclusion: oklob plant
D:7 2 transporters


Innate Abilities, Weirdness & Mutations

You have razor-sharp teeth.
You heal very quickly.
When hurt, damage is shared between your health and your magic reserves.
Your bite disrupts and absorbs the magic of your enemies.
Potions cannot restore your health.
You are immune to rotting.


Message History

You block the harpy skeleton's attack.
The harpy skeleton completely misses you.
The anaconda skeleton bites you but does no damage.
The anaconda skeleton constricts you.
You hit the skeletal warrior. You burn the skeletal warrior.
You bite the skeletal warrior, but do no damage.
The harpy skeleton claws you but does no damage.
The harpy skeleton claws you.
You take 3 damage, and have 65/70 hp.
You hit the skeletal warrior but do no damage.
You bite the skeletal warrior. You drain its power.
The harpy skeleton claws you!
The harpy skeleton claws you but does no damage.
The anaconda skeleton bites you. The anaconda skeleton constricts you.
The skeletal warrior hits you with a +2 dire flail of flaming.
The skeletal warrior burns you.
You take 15 damage, and have 50/70 hp.
MASSIVE DAMAGE!!
You now have 10/13 mp.
You puncture the skeletal warrior! You burn the skeletal warrior.
You bite the skeletal warrior. You drain its power.
You feel invigorated.
The harpy skeleton claws you but does no damage.
The harpy skeleton barely misses you. The anaconda skeleton bites you.
The anaconda skeleton constricts you.
The harpy skeleton claws you but does no damage. x2
You take 3 damage, and have 47/70 hp.
MP restored: 13 You hit the skeletal warrior but do no damage.
Your bite misses the skeletal warrior.
The skeletal warrior hits you with a +2 dire flail of flaming.
The harpy skeleton claws you. You block the harpy skeleton's attack.
The anaconda skeleton bites you but does no damage.
The anaconda skeleton constricts you.
You take 5 damage, and have 42/70 hp.
You now have 12/13 mp.
You hit the skeletal warrior. You burn the skeletal warrior.
You bite the skeletal warrior. You drain its power.
You feel invigorated.
The harpy skeleton claws you but does no damage.
The harpy skeleton barely misses you.
The anaconda skeleton bites you but does no damage.
The anaconda skeleton constricts you.
MP restored: 13 You barely miss the skeletal warrior.
You bite the skeletal warrior, but do no damage.
You block the harpy skeleton's attack.
The harpy skeleton claws you but does no damage.
The skeletal warrior hits you with a +2 dire flail of flaming!
You take 9 damage, and have 33/70 hp.
You now have 11/13 mp.
You hit the skeletal warrior but do no damage.
The harpy skeleton claws you but does no damage.
The harpy skeleton barely misses you. The anaconda skeleton bites you!
The anaconda skeleton constricts you.
You take 8 damage, and have 25/70 hp.
You now have 8/13 mp.
You puncture the skeletal warrior! You burn the skeletal warrior.
You block the harpy skeleton's attack.
The harpy skeleton claws you but does no damage.
The anaconda skeleton bites you.
* * * LOW HITPOINT WARNING * * *
The anaconda skeleton constricts you.
You block the skeletal warrior's attack.
You take 4 damage, and have 21/70 hp.
You now have 7/13 mp.
Unknown command.
You closely miss the skeletal warrior. Your bite misses the skeletal warrior.
The harpy skeleton claws you but does no damage. x2
The anaconda skeleton bites you but does no damage.
The anaconda skeleton constricts you. The harpy skeleton claws you!
* * * LOW HITPOINT WARNING * * *
The harpy skeleton claws you but does no damage.
You take 8 damage, and have 13/70 hp.
You now have 5/13 mp.
You closely miss the skeletal warrior. Your bite misses the skeletal warrior.
The harpy skeleton claws you.
* * * LOW HITPOINT WARNING * * *
The harpy skeleton claws you but does no damage.
The anaconda skeleton bites you but does no damage.
* * * LOW HITPOINT WARNING * * *
The anaconda skeleton constricts you.
You block the skeletal warrior's attack.
You take 2 damage, and have 11/70 hp.
You now have 4/13 mp.
You hit the skeletal warrior. You burn the skeletal warrior.
You bite the skeletal warrior, but do no damage.
The harpy skeleton claws you but does no damage.
You block the harpy skeleton's attack.
You hit the skeletal warrior. You burn the skeletal warrior.
You block the anaconda skeleton's attack.
The anaconda skeleton constricts you.
The harpy skeleton barely misses you. x2
You hit the skeletal warrior. You burn the skeletal warrior.
You destroy the skeletal warrior!
Trog accepts your kill. The harpy skeleton barely misses you.
The harpy skeleton claws you. The anaconda skeleton bites you!
* * * LOW HITPOINT WARNING * * *
The anaconda skeleton constricts you.
You take 5 damage, and have 7/70 hp.
You now have 1/13 mp.
You escape the anaconda skeleton's grasp.
The harpy skeleton claws you but does no damage.
You block the harpy skeleton's attack. The harpy skeleton claws you!
* * * LOW HITPOINT WARNING * * *
The harpy skeleton claws you but does no damage.
The anaconda skeleton grabs you.
The anaconda skeleton bites you but does no damage.
You die...

##################
#...##...'...#Z..+
#...##...#...'@..#
#...##...#...#Z..#
###.##.#######+###
#.##.# ##.##.##
####......#####.
##..............
.###)#..#.#####.
...+......#


You could see an anaconda skeleton and a harpy skeleton.

Vanquished Creatures
  3 hydras
  A skeletal warrior (Volcano)
  Pikel (D:5)
  An anaconda skeleton (Volcano)
  An ugly thing (D:10)
  A black mamba (Lair:2)
  3 gargoyles (Volcano)
  5 spiny frogs
  2 komodo dragons
  A rime drake (Lair:1)
  A troll (D:9)
  2 dream sheep (D:9)
  Prince Ribbit (D:9)
  A hippogriff (Lair:3)
  A harpy skeleton (Volcano)
  2 flying skulls (Volcano)
  A vampire (D:10)
  2 shadows (D:10)
  An alligator skeleton (Volcano)
  13 yaks
  6 wyverns
  A basilisk (Lair:2)
  A hungry ghost (D:10)
  3 nagas (Lair:2)
  A soldier ant (D:10)
  An acid dragon (D:10)
  Duvessa (D:7)
  2 water moccasins (Lair:2)
  5 porcupines
  2 black bears
  8 orc warriors
  A sky beast (D:9)
  A swamp drake (D:8)
  4 phantoms
  A slave (D:5)
  2 necrophages
  7 ogres
  12 centaurs
  An eye of draining (D:9)
  7 crocodiles
  5 big kobolds
  2 gnoll sergeants
  3 bullfrogs
  Dowan (D:7)
  3 scorpions
  A killer bee (D:10)
  A troll skeleton (Volcano)
  A wight (D:9)
  3 crimson imps
  2 centaur zombies
  8 hounds
  A jelly (D:5)
  A bullfrog zombie (D:9)
  7 orc priests
  A bullfrog skeleton (D:6)
  9 orc wizards
  3 iguanas
  5 worker ants
  A hound zombie (D:7)
  A naga skeleton (Volcano)
  2 hound skeletons
  11 gnolls
  15 adders
  A howler monkey skeleton (D:4)
  4 shadow imps
  2 oozes
  An adder zombie (D:8)
  An adder skeleton (D:3)
  4 worms
  3 dart slugs
  7 leopard geckos
  41 orcs
  3 ball pythons
  9 bats
  6 giant cockroaches
  11 goblins
  4 hobgoblins
  12 jackals
  7 quokkas
  4 frilled lizards
  14 kobolds
  4 rats
336 creatures vanquished.

Vanquished Creatures (collateral kills)
  A cyclops (D:10)
  An orc warrior (D:10)
  An iguana (D:10)
3 creatures vanquished.

Vanquished Creatures (others)
  A slave (D:5)
  Ijyb (D:5)
  A shadow imp (D:5)
  A plant (Lair:2)
4 creatures vanquished.

Grand Total: 343 creatures vanquished

Notes
Turn   | Place    | Note
-------+----------+-------------------------------------------
     0 | D:1      | Firecrotchwizard the Vine Stalker Berserker began the quest
                  | for the Orb.
     0 | D:1      | Reached XP level 1. HP: 11/11 MP: 2/2
   128 | D:1      | Reached skill level 3 in Short Blades
   131 | D:1      | Reached XP level 2. HP: 11/16 MP: 1/3
   355 | D:1      | Reached skill level 3 in Fighting
   422 | D:1      | You fall into a shaft and drop 1 floor!
   549 | D:1      | Reached XP level 3. HP: 17/20 MP: 2/4
  1151 | D:2      | Reached ** piety under Trog
  1175 | D:2      | HP: 4/20 [adder (3)]
  1885 | D:2      | Gained mutation: Your natural rate of healing is unusually
                  | fast. [Vine Stalker growth]
  1885 | D:2      | Reached XP level 4. HP: 23/24 MP: 5/5
  1923 | D:2      | Reached skill level 4 in Short Blades
  2051 | D:2      | Found a faded altar of an unknown god.
  2461 | D:3      | Reached XP level 5. HP: 28/28 MP: 6/6
  2480 | D:3      | Found a hide-covered altar of Uskayaw.
  2995 | D:3      | Reached *** piety under Trog
  2998 | D:3      | Found a blossoming altar of Fedhas.
  3012 | D:3      | Noticed an oklob plant
  3387 | D:4      | Reached skill level 5 in Short Blades
  3387 | D:4      | Reached XP level 6. HP: 31/33 MP: 5/7
  3417 | D:4      | Found a shadowy altar of Dithmenos.
  3417 | D:4      | Noticed a phantom
  3447 | D:4      | Killed a phantom
  3447 | D:4      | Reached skill level 4 in Fighting
  3447 | D:4      | Reached skill level 1 in Shields
  3450 | D:4      | Found a glowing silver altar of Zin.
  3458 | D:4      | Found a white marble altar of Elyvilon.
  3458 | D:4      | Found a glowing golden altar of the Shining One.
  3461 | D:4      | Found an opulent altar of Gozag.
  3470 | D:4      | Found a stormy altar of Qazlal.
  3776 | D:4      | Reached XP level 7. HP: 29/38 MP: 5/8
  3854 | D:4      | Reached skill level 2 in Shields
  3902 | D:4      | Reached skill level 6 in Short Blades
  4155 | D:4      | Found a shimmering altar of Xom.
  4250 | D:5      | Entered Level 5 of the Dungeon
  4477 | D:5      | Found Edghomn's Assorted Antiques.
  4480 | D:5      | Bought 2 purple potions for 45 gold pieces
  4480 | D:5      | Bought 2 fizzy sapphire potions for 45 gold pieces
  4565 | D:5      | Reached skill level 5 in Fighting
  4565 | D:5      | Gained mutation: You have razor-sharp teeth. [Vine Stalker
                  | growth]
  4565 | D:5      | Reached XP level 8. HP: 36/43 MP: 9/9
  4571 | D:5      | Noticed Pikel
  4579 | D:5      | Noticed Ijyb
  4593 | D:5      | Killed Pikel
  4593 | D:5      | Reached skill level 7 in Short Blades
  4593 | D:5      | Reached skill level 3 in Shields
  4598 | D:5      | Killed Ijyb
  4729 | D:5      | Reached skill level 4 in Shields
  4981 | D:6      | Reached skill level 6 in Fighting
  4981 | D:6      | Reached skill level 8 in Short Blades
  4981 | D:6      | Reached XP level 9. HP: 31/48 MP: 8/10
  5101 | D:6      | Got a shimmering leather armour
  5172 | D:6      | Reached **** piety under Trog
  5474 | D:7      | Noticed Duvessa
  5474 | D:7      | Noticed Dowan
  5495 | D:7      | Killed Duvessa
  5496 | D:7      | Killed Dowan
  5524 | D:7      | Reached skill level 9 in Short Blades
  5540 | D:7      | Found a staircase to the Ecumenical Temple.
  5900 | D:7      | Reached skill level 7 in Fighting
  5920 | D:7      | Found a transporter.
  5920 | D:7      | Found a transporter.
  5944 | D:7      | Noticed a tengu conjurer
  5944 | D:7      | Noticed a deep elf mage
  5960 | D:7      | Found the +9 staff of Wucad Mu {channel}
  5992 | D:7      | Reached ***** piety under Trog
  5992 | D:7      | Received a gift from Trog
  6185 | D:8      | Reached skill level 10 in Short Blades
  6572 | D:8      | Reached XP level 10. HP: 45/55 MP: 11/11
  6624 | D:8      | Found a staircase to the Lair.
  7087 | D:9      | Reached skill level 8 in Fighting
  7178 | D:9      | Found a hazy altar of Hepliaklqana.
  7240 | D:9      | Reached skill level 11 in Short Blades
  7348 | D:9      | HP: 9/57 [orc warrior/+0 flail (9)]
  7361 | D:9      | HP: 14/57 [orc warrior/+0 halberd (6)]
  7368 | D:9      | HP: 14/57 [orc priest/+0 trident (1)]
  7370 | D:9      | HP: 4/57 [orc warrior/+0 halberd (8)]
  7378 | D:9      | HP: 1/57 [orc priest/divine providence (10)]
  7384 | D:9      | Received a gift from Trog
  7556 | D:9      | Found a staircase to the Orcish Mines.
  7643 | D:9      | Noticed Prince Ribbit
  7657 | D:9      | Killed Prince Ribbit
  7938 | D:9      | Got a fine rapier
  7939 | D:9      | Identified the +10 rapier of the Well-Known Nights {flame,
                  | SInv} (You found it on level 9 of the Dungeon)
  8000 | D:9      | Reached XP level 11. HP: 60/60 MP: 12/12
  8054 | D:9      | Reached skill level 12 in Short Blades
  8060 | D:9      | Identified a scroll of acquirement
  8061 | D:9      | Got a steaming silver ring
  8062 | D:9      | Identified the ring "Egroiffup" {rC+ Int+6 Stlth+} (You
                  | acquired it on level 9 of the Dungeon)
  8105 | D:9      | Reached skill level 9 in Fighting
  8201 | D:9      | Noticed a three-headed hydra
  8209 | D:9      | Killed a three-headed hydra
  8303 | D:9      | Found an iron altar of Okawaru.
  8479 | D:9      | Found an ornate altar of the Wu Jian Council.
  8588 | D:10     | Entered Level 10 of the Dungeon
  8794 | D:10     | Received a gift from Trog
  8893 | D:10     | Noticed a cyclops
  8912 | D:10     | Killed a cyclops
  9046 | D:10     | Reached skill level 13 in Short Blades
  9463 | D:10     | Noticed a white ugly thing
  9477 | D:10     | Killed a white ugly thing
  9587 | Lair:1   | Entered Level 1 of the Lair of Beasts
  9761 | Lair:1   | Noticed a six-headed hydra
  9767 | Lair:1   | Killed a six-headed hydra
  9767 | Lair:1   | Reached skill level 10 in Fighting
  9834 | Lair:1   | Gained mutation: You heal very quickly. [Vine Stalker
                  | growth]
  9834 | Lair:1   | Reached XP level 12. HP: 53/67 MP: 11/13
 10471 | Lair:2   | Found a staircase to the Snake Pit.
 10561 | Lair:2   | Reached skill level 14 in Short Blades
 10693 | Lair:2   | Reached skill level 2 in Armour
 10875 | Lair:2   | Received a gift from Trog
 10944 | Lair:2   | Noticed a seven-headed hydra
 10953 | Lair:2   | Killed a seven-headed hydra
 10953 | Lair:2   | Reached skill level 3 in Armour
 11258 | Lair:3   | Reached skill level 11 in Fighting
 11315 | Lair:3   | Found a dark tunnel.
 11322 | Volcano  | Entered a volcano
 11391 | Volcano  | Reached skill level 4 in Armour
 11401 | Volcano  | HP: 15/70 [alligator skeleton (5)]
 11545 | Volcano  | HP: 13/70 [harpy skeleton (8)]
 11550 | Volcano  | HP: 2/70 [harpy skeleton (6)]
 11550 | Volcano  | Slain by an anaconda skeleton

Levels and vault maps discovered:
D:1:      roderic_crossed_star, layout_basic, minmay_tetromino_s4
D:2:      layout_basic, chequers_ecumenical_altar_simple
D:3:      layout_loops_ring, eat_drink_and_be_merry_uskayaw, tgw_fedhas
D:4:      layout_basic, grunt_dithmenos_shadows, marbit_many_paths,
          nicolae_qazlal_general_emergency, grunt_temple_overflow_open,
          cheibrodos_gnoll_hut
D:5:      layout_rooms, first_ration, serial_shops, nicolae_shop_trees,
          uniq_pikel, uniq_ijyb
D:6:      layout_rooms
D:7:      gammafunk_the_bubble [the_bubble_gammafunk_crates], layout_loops_ring,
          temple_pool_b, uniq_duvessa
D:8:      layout_rooms, erik_lair_dragon
D:9:      layout_loops_corners, kennysheep_mini, okawaru_gym_becter,
          david_orc_4, basic_altar, hangedman_ranch [blue_anna_fruit_fields],
          minmay_misc_feat_diagonals, minmay_bent, uniq_prince_ribbit1
D:10:     minmay_the_grid_four_pointed_star
          [minmay_the_grid_triangle_9x9_sparse_checkered,
          minmay_the_grid_triangle_9x9_skeleton,
          minmay_the_grid_triangle_9x9_negative_grid,
          minmay_the_grid_triangle_9x9_wacky_v,
          minmay_the_grid_prize_four_corners], layout_grid_maze
Lair:1:   layout_loops_ring
Lair:2:   layout_hall_layers, minmay_snake_entry_guardpost_small
Lair:3:   layout_roguey, minmay_shoals_entry_lonely_mermaid, enter_volcano_2,
          nicolae_quartered_pool_medium, minmay_lair_oklob_chamber
Volcano:  volcano_tomb [vts_chambers]

Skill      XL: |  1  2  3  4  5  6  7  8  9 10 11 12 |
---------------+-------------------------------------+-----
Short Blades   | 3 4 5 6 8 10 11 13 14 | 14.0
Fighting       | 3 4 5 6 7 8 10 11 | 11.4
Shields        | 1 2 4 |  4.0
Armour         | 4 |  4.7
Dodging        | |  1.5

Action                   |  1- 3 |  4- 6 |  7- 9 | 10-12 || total
-------------------------+-------+-------+-------+-------++-------
Melee: Short sword       |   104 |    41 |       |       ||   145
       Bite              |    28 |    57 |   139 |   261 ||   485
       Dagger            |       |   149 |   347 |   287 ||   783
       Rapier            |       |       |       |   344 ||   344
Invok: Berserk           |       |       |     1 |       ||     1
       Trog's Hand       |       |       |     2 |     1 ||     3
       Brothers in Arms  |       |       |       |     1 ||     1
Evoke: Wand              |       |       |       |     8 ||     8
  Use: Scroll            |     1 |     1 |    11 |    13 ||    26
 Stab: Sleeping          |     1 |       |       |       ||     1
       Confused          |       |       |       |     2 ||     2
  Eat: Chunk             |     3 |     6 |    11 |    17 ||    37
       Ration            |       |       |       |     1 ||     1
Armor: Animal skin       |     6 |       |       |       ||     6
       Ring mail         |    16 |    30 |       |       ||    46
       Chain mail        |       |    42 |    86 |   190 ||   318
Dodge: Dodged            |    63 |    74 |    68 |   130 ||   335
Block: Buckler           |       |    20 |    62 |   135 ||   217

Table legend:
 A = Non-vault XP
 B = Vault XP
 C = Vault XP percentage of total XP
 D = Non-vault monster count
 E = Vault monster count
 F = Vault count percentage of total count
                 A         B        C        D         E       F
            +---------+---------+-------+---------+---------+-------
      Total |   16140 |   13105 |  44.8 |     254 |      85 |  25.1
            +---------+---------+-------+---------+---------+-------
        D:1 |      37 |       4 |   9.8 |      20 |       2 |   9.1
        D:2 |      77 |       0 |   0.0 |      27 |       0 |   0.0
        D:3 |     170 |       0 |   0.0 |      30 |       0 |   0.0
        D:4 |     266 |     357 |  57.3 |      10 |       5 |  33.3
        D:5 |     589 |     683 |  53.7 |      17 |       2 |  10.5
        D:6 |     748 |       0 |   0.0 |      18 |       0 |   0.0
        D:7 |    1216 |     230 |  15.9 |      31 |       2 |   6.1
        D:8 |     200 |    1074 |  84.3 |       5 |       6 |  54.5
        D:9 |    2787 |    3784 |  57.6 |      44 |      33 |  42.9
       D:10 |    1338 |    2818 |  67.8 |      19 |      21 |  52.5
     Lair:1 |    2820 |       0 |   0.0 |       9 |       0 |   0.0
     Lair:2 |    5212 |     489 |   8.6 |      22 |       3 |  12.0
     Lair:3 |     680 |       0 |   0.0 |       2 |       0 |   0.0
    Volcano |       0 |    3666 | 100.0 |       0 |      11 | 100.0
            +---------+---------+-------+---------+---------+-------

Levels and vault maps discovered:
D:1:      roderic_crossed_star, layout_basic, minmay_tetromino_s4
D:2:      layout_basic, chequers_ecumenical_altar_simple
D:3:      layout_loops_ring, eat_drink_and_be_merry_uskayaw, tgw_fedhas
D:4:      layout_basic, grunt_dithmenos_shadows, marbit_many_paths,
          nicolae_qazlal_general_emergency, grunt_temple_overflow_open,
          cheibrodos_gnoll_hut
D:5:      layout_rooms, first_ration, serial_shops, nicolae_shop_trees,
          uniq_pikel, uniq_ijyb
D:6:      layout_rooms
D:7:      gammafunk_the_bubble [the_bubble_gammafunk_crates], layout_loops_ring,
          temple_pool_b, uniq_duvessa
D:8:      layout_rooms, erik_lair_dragon
D:9:      layout_loops_corners, kennysheep_mini, okawaru_gym_becter,
          david_orc_4, basic_altar, hangedman_ranch [blue_anna_fruit_fields],
          minmay_misc_feat_diagonals, minmay_bent, uniq_prince_ribbit1
D:10:     minmay_the_grid_four_pointed_star
          [minmay_the_grid_triangle_9x9_sparse_checkered,
          minmay_the_grid_triangle_9x9_skeleton,
          minmay_the_grid_triangle_9x9_negative_grid,
          minmay_the_grid_triangle_9x9_wacky_v,
          minmay_the_grid_prize_four_corners], layout_grid_maze
Lair:1:   layout_loops_ring
Lair:2:   layout_hall_layers, minmay_snake_entry_guardpost_small
Lair:3:   layout_roguey, minmay_shoals_entry_lonely_mermaid, enter_volcano_2,
          nicolae_quartered_pool_medium, minmay_lair_oklob_chamber
Volcano:  volcano_tomb [vts_chambers]

Table legend:
 A = Turns spent in this place as a percentage of turns spent in the entire game.
 B = Non-inter-level travel turns spent in this place as a percentage of non-inter-level travel turns spent in the entire game.
 C = Inter-level travel turns spent in this place as a percentage of turns spent in this place.
 D = Turns resting spent in this place as a percentage of non-inter-level travel turns spent in this place.
 E = Turns spent auto-exploring this place as a percentage of non-inter-level travel turns spent in this place.
 F = Non-inter-level travel turns spent in this place divided by the number of levels of this place that you've seen.
                   A       B       C       D       E      F
               +-------+-------+-------+-------+-------+----------------------
         Total | 100.0 | 100.0 |   7.5 |  14.5 |  62.6 | 763.4
       Dungeon |  83.0 |  82.7 |   7.8 |  14.4 |  62.1 | 884.0
          Lair |  15.0 |  15.2 |   6.6 |  12.5 |  71.9 | 540.0
       Volcano |   2.0 |   2.1 |   0.0 |  30.7 |  14.9 | 228.0
               +-------+-------+-------+-------+-------+----------------------

Table legend:
 A = Kills in this place as a percentage of kills in entire the game.
 B = Kills by you in this place as a percentage of kills by you in the entire game.
 C = Kills by friends in this place as a percentage of kills by friends in the entire game.
 D = Other kills in this place as a percentage of other kills in the entire game.
 E = Experience gained in this place as a percentage of experience gained in the entire game.
 F = Experience gained in this place divided by the number of levels of this place that you have seen.
                   A       B       C       D       E      F
               +-------+-------+-------+-------+-------+----------------------
         Total | 100.0 | 100.0 | 100.0 | 100.0 | 100.0 | 2088.9
       Dungeon |  86.1 |  85.9 | 100.0 | 100.0 |  56.0 | 1637.8
          Lair |  10.6 |  10.8 |   0.0 |   0.0 |  31.5 | 3067.0
       Volcano |   3.2 |   3.3 |   0.0 |   0.0 |  12.5 | 3666.0
               +-------+-------+-------+-------+-------+----------------------
